 Dungeon Crawl Stone Soup version 0.29.1-2-gbd0b4ee654 (webtiles) character file.

Game seed: 1276031940939443022

126 McKennaii the Grasshopper (level 4, -4/37 HPs)
             Began as a Demigod Warper on Nov 8, 2022.
             Succumbed to Crazy Yiuf's poison
             ... on level 2 of the Dungeon.
             The game lasted 00:04:56 (4726 turns).

McKennaii the Grasshopper (Demigod Warper)          Turns: 4726, Time: 00:04:57

Health: -4/37      AC: 11    Str: 16    XL:     4   Next: 54%
Magic:  4/10       EV: 12    Int: 15    God:
Gold:   117        SH:  0    Dex: 13    Spells: 5/7 levels left

rFire   . . .      SeeInvis .   a - +2 trident (protect)
rCold   . . .      Faith    .   (no shield)
rNeg    . . .      Spirit   .   b - +0 leather armour
rPois   .          Reflect  .   o - +0 helmet
rElec   .          Harm     .   (no cloak)
rCorr   .          Rampage  .   (no gloves)
Will    .....                   (no boots)
Stlth   +.........              (no amulet)
HPRegen 0.12/turn               (no ring)
MPRegen 0.12/turn               (no ring)

@: lethally poisoned (-4 -> -32), under a protective aura
A: high MP 1, forlorn, divine attributes
a: no special abilities


You were on level 2 of the Dungeon.
You visited 1 branch of the dungeon, and saw 3 of its levels.

You collected 117 gold pieces.

Inventory:

Hand Weapons
 a - a +2 trident of protection (weapon)
Missiles
 d - 7 boomerangs of dispersal (quivered)
Armour
 b - a +0 leather armour (worn)
 j - a +0 chain mail
 o - a +0 helmet (worn)
Scrolls
 c - a scroll of blinking
 e - 2 scrolls of amnesia {unknown}
 f - 2 scrolls of poison {unknown}
 g - a scroll of fear {unknown}
 h - 2 scrolls of enchant armour {unknown}
 i - a scroll of identify {unknown}
 m - 2 scrolls of teleportation {unknown}
 n - a scroll of torment {unknown}
 p - a scroll of silence {unknown}
 r - a scroll of immolation {unknown}
 u - a scroll of enchant weapon {unknown}
Potions
 k - a potion of brilliance {unknown}
 l - a potion of curing
 q - a potion of attraction {unknown}
 s - a potion of heal wounds {unknown}
 t - a potion of magic {unknown}


   Skills:
 + Level 2.3 Fighting
 + Level 2.4 Polearms
 - Level 1.0 Throwing
 + Level 1.7 Armour
 + Level 2.4 Dodging
 + Level 2.3 Spellcasting
 + Level 3.2 Translocations


You had 5 spell levels left.
You knew the following spells:

 Your Spells              Type           Power      Damage    Failure   Level
a - Blink                 Tloc           22%        N/A       11%         2

Your spell library contained the following spells:

 Spells                   Type           Power      Damage    Failure   Level
 Gell's Gravitas          Tloc           11%        N/A       22%         3
 Lesser Beckoning         Tloc           11%        N/A       22%         3
 Teleport Other           Tloc           11%        N/A       22%         3
 Manifold Assault         Tloc           11%        N/A       89%         5


Dungeon Overview and Level Annotations

Branches:
Dungeon (3/15)

Shops:
D:1 *   D:3 ?

Annotations:
D:2 Crazy Yiuf


Innate Abilities, Weirdness & Mutations

You have an increased reservoir of magic. (+10% MP)
You shall have no god before yourself.
Your divine heritage dramatically boosts your attributes as you level up.


Message History

There is a stone staircase leading up here.
You climb upwards.
Level annotation: 1 runed translucent door, Crazy Yiuf
There is a stone staircase leading down here.
There is an open door here.
There is an open door here.
Could not explore, unopened runed door.
As you open the door, it creaks loudly!
Crazy Yiuf shouts!
You aren't carrying any items that you can evoke.
Crazy Yiuf yells, "Fluff!"
Crazy Yiuf flaps his cloak.
Reach: a) +2 trident (protect)
Press: ? - help, Dir - move target, f - Crazy Yiuf
Aim: Crazy Yiuf, wielding a +2 quarterstaff of chaos and wearing a +0 cloak (about 36% to evade your +2 trident of protection)
You reach to attack!
You barely miss Crazy Yiuf. You hit Crazy Yiuf.
Your weapon exudes an aura of protection.
Crazy Yiuf is moderately wounded.
Crazy Yiuf hits you with a +2 quarterstaff of chaos.
Crazy Yiuf burns you.
You barely miss Crazy Yiuf.
Crazy Yiuf is moderately wounded.
Crazy Yiuf closely misses you.
You barely miss Crazy Yiuf.
Crazy Yiuf is moderately wounded.
Crazy Yiuf hits you with a +2 quarterstaff of chaos!
You feel your power leaking away.
You puncture Crazy Yiuf!
Crazy Yiuf is severely wounded.
Crazy Yiuf misses you.
Crazy Yiuf hits you with a +2 quarterstaff of chaos.
* * * LOW HITPOINT WARNING * * *
You are lethally poisoned!
* * * LOW HITPOINT WARNING * * *
You feel very sick. Crazy Yiuf attacks as you move away!
Crazy Yiuf hits you with a +2 quarterstaff of chaos!
* * * LOW HITPOINT WARNING * * *
You are more poisoned.
You die...

#.# ####.)>....#######.# #.#
#.....)............# #.#
#.##.....<.#########
#.#####.###.....##
#..........#...##
#######.###....# ### ##.#.#
##.#.# ####### #..@.#
#.....# ### #####.###
#.###.# #)..### ##...g.# #.#
#.#
#...'g####......######.###.#
#...##..#.......##.......#.#
### ###.#....#.##.###.#.#.#
#######.....# #.....#
#....## ###.### #######
#...## #.#


You could see Crazy Yiuf.

Vanquished Creatures
  Robin (D:3)
  5 adders (D:3)
  2 worms
  4 endoplasms
  A giant cockroach (D:2)
  10 goblins
  9 hobgoblins
  8 jackals
  A quokka (D:2)
  2 ball pythons
  6 bats
  4 frilled lizards
  5 rats
58 creatures vanquished.

Notes
Turn   | Place    | Note
-------+----------+-------------------------------------------
     0 | D:1      | McKennaii the Demigod Warper began the quest for the Orb.
     0 | D:1      | Reached XP level 1. HP: 17/17 MP: 5/5
    49 | D:1      | Found Sypt's Assorted Antiques.
    62 | D:1      | Reached skill level 1 in Throwing
    62 | D:1      | Reached skill level 1 in Armour
   538 | D:1      | Reached XP level 2. HP: 12/24 MP: 7/7
  1616 | D:2      | Learned a level 2 spell: Blink
  1816 | D:2      | Reached XP level 3. HP: 25/29 MP: 8/8
  2100 | D:2      | Found a runed translucent door.
  2101 | D:2      | Noticed Crazy Yiuf
  2741 | D:3      | Reached skill level 3 in Translocations
  3062 | D:3      | Noticed Robin
  3453 | D:3      | Killed Robin
  3454 | D:3      | Reached XP level 4. HP: 36/36 MP: 10/10
  4267 | D:3      | Found Guukh's Magic Scroll Shoppe.
  4726 | D:2      | HP: 1/37 [Crazy Yiuf/+2 quarterstaff of chaos (7)]
  4726 | D:2      | Succumbed to Crazy Yiuf's poison

Illustrated notes

Levels and vault maps discovered:
D:1:      dpeg_arrival_rhombi, layout_basic,
          hellmonk_ecumenical_altar_crossroads, serial_shops,
          nicolae_shop_crystal, minmay_domino_2
D:2:      layout_loops_corners, uniq_crazy_yiuf_cottage
D:3:      layout_loops_corners, lemuel_round_altar, nicolae_vehumet_radiance,
          serial_shops, nicolae_shop_window_shopping, uniq_robin

Skill      XL: |  1  2  3 |
---------------+----------+-----
Throwing       | 1 |  1.0
Armour         | 1 |  1.7
Dodging        | 2 |  2.4
Spellcasting   | 2 |  2.3
Polearms       | 2 |  2.4
Fighting       | 2 |  2.3
Translocations | 3 |  3.2

Action                   |  1- 3 |  4- 6 || total
-------------------------+-------+-------++-------
Melee: Spear             |   169 |    84 ||   253
       Punch             |     1 |     1 ||     2
       Trident           |       |     5 ||     5
  Use: Potion            |       |     1 ||     1
 Stab: Sleeping          |     1 |     1 ||     2
Armor: Leather armour    |    57 |    18 ||    75
Dodge: Dodged            |    97 |    53 ||   150
